 Dungeon Crawl Stone Soup version 0.30.1-9-gdf580d7c3d (webtiles) character file.

Game seed: 13387079759495222689

6778 Mune the Severer (level 10, -16/77 HPs)
             Began as a Minotaur Berserker on Oct 1, 2023.
             Was an Elder of Trog.
             Collided with a crystal wall (17 damage)
             ... caused by a wretched star
             ... while paralysed by accursed screaming
             ... on level 1 of the Abyss.
             The game lasted 00:17:28 (8646 turns).

Mune the Severer (Minotaur Berserker)               Turns: 8646, Time: 00:17:28

Health: -16/77     AC: 18    Str: 34    XL:     10   Next: 76%
Magic:  9/9        EV:  2    Int:  0    God:    Trog [****..]
Gold:   466        SH:  0    Dex: 11    Spells: 9/9 levels left

rFire   . . .        D - +0 war axe
rCold   . . .        (no shield)
rNeg    . . .        y - +1 chain mail of Bahikkoxt {Str+3}
rPois   .            (helmet restricted)
rElec   .            (no cloak)
rCorr   .            M - +0 pair of gloves
SInv    .            r - +2 pair of boots
Will    .....        m - amulet of faith Stlth
                     g - +6 ring of strength
HPRegen 0.32/turn    F - +4 ring of protection
MPRegen 0.11/turn

%: random rage (3%), faith
@: paralysed, about to teleport, on berserk cooldown, slowed, lost intelligence,
unable to read, unable to drink
A: horns 2, retaliatory headbutt, [berserk 1], [dopey 2], [frail 2], [screaming
2], [inability to drink after injury 2], [inability to read after injury 2]
a: Renounce Religion, Berserk, Trog's Hand, Brothers in Arms


You were on level 1 of the Abyss.
You worshipped Trog.
Trog was greatly pleased with you.
You visited 1 branch of the dungeon, and saw 8 of its levels.
You visited the Abyss 1 time.

You collected 466 gold pieces.

Inventory:

Hand Weapons
 D - a +0 war axe (weapon)
Armour
 q - a +6 scale mail
 r - a +2 pair of boots (worn)
 y - the +1 chain mail of Bahikkoxt (worn) {Str+3}
   (You took it off an orc on level 4 of the Dungeon)

   Str:       It affects your strength (+3).
 M - a +0 pair of gloves (worn)
Jewellery
 g - a +6 ring of strength (left hand)
 m - an amulet of faith (around neck)
 v - a ring of ice
 w - an amulet of regeneration
 F - a +4 ring of protection (right hand)
 G - a ring of ice
Wands
 E - a wand of mindburst (11)
 I - a wand of quicksilver (3)
 L - a wand of paralysis (7)
 N - a wand of polymorph (8)
Scrolls
 a - a scroll of brand weapon
 e - 2 scrolls of fog
 h - a scroll of teleportation
 l - 2 scrolls of immolation
 n - 2 scrolls of amnesia
 x - a scroll of noise
 B - a scroll of torment
 C - a scroll of poison
 J - a scroll of enchant weapon
 O - a scroll of acquirement {unknown}
Potions
 b - 2 potions of mutation {unknown}
 c - 3 potions of attraction {unknown}
 f - a potion of berserk rage {unknown}
 i - 2 potions of invisibility {unknown}
 j - 5 potions of curing
 k - 2 potions of cancellation {unknown}
 o - a potion of lignification
 p - 3 potions of brilliance {unknown}
 s - a potion of resistance {unknown}
 t - a potion of magic {unknown}
 u - 2 potions of might {unknown}
 z - 2 potions of degeneration {unknown}
 A - 2 potions of heal wounds {unknown}
 H - a potion of flight {unknown}
 K - a potion of ambrosia {unknown}


   Skills:
 + Level 12.0 Fighting
 * Level 16.1 Axes
 - Level 2.4 Armour
 - Level 2.1 Dodging


You had 9 spell levels left.
You didn't know any spells.
Your spell library was empty.

Dungeon Overview and Level Annotations

Branches:
Dungeon (8/15)             Temple (0/1) D:7
   Lair: D:8-11

Altars:
Ashenzari
Cheibriados
Fedhas
Gozag
Makhleb
Nemelex Xobeh
Okawaru
Qazlal
Ru
Zin
The Shining One

Shops:
D:1 =   D:2 [   D:3 [(=((   D:4 =(   D:8 [

Annotations:
D:8 Psyche


Innate Abilities, Weirdness & Mutations

You have a pair of horns on your head.
You reflexively headbutt those who attack you in melee.
[You sometimes lose your temper in combat.]
[You are very dopey. (Int -4)]
[You are very frail. (-20% HP)]
[You frequently scream uncontrollably at your foes.]
[You sometimes lose the ability to drink potions when taking damage.]
[You sometimes lose the ability to read scrolls when taking damage.]


Message History

As you read the scroll of fear, it crumbles to dust.
You assume a fearsome visage.
The wretched star is unaffected.
The green very ugly thing looks frightened!
The starcursed mass is unaffected. x3
It was a potion of curing.
You feel better.
The wretched star pulses with an eldritch light!
You occasionally lose the ability to read scrolls when taking damage.
You lose the ability to read scrolls when taking damage more often.
You feel the urge to shout.
You feel a strong urge to scream. The starcursed mass closely misses you.
A chorus of shrieks assaults your mind.
As you read the scroll of teleportation, it crumbles to dust.
You feel strangely unstable.
You feel the power of the Abyss delaying your translocation!
The starcursed mass touches you but does no damage.
A deafening chorus of shrieks assaults your mind!
You suddenly lose the ability to move!
The wretched star pulses with an eldritch light!
You occasionally lose the ability to drink potions when taking damage.
You lose the ability to drink potions when taking damage more often.
You feel stupid. x2
You have lost your intelligence.
A deafening chorus of shrieks assaults your mind!
You feel threatened and lose the ability to read scrolls!
You feel threatened and lose the ability to drink potions!
* * * LOW HITPOINT WARNING * * *
You shrug off the repeated paralysis!
The starcursed mass touches you but does no damage.
The wretched star pulses with an eldritch light!
You feel frail. x2
A deafening chorus of shrieks assaults your mind!
* * * LOW HITPOINT WARNING * * *
You shrug off the repeated paralysis!
The starcursed mass touches you but does no damage.
The wretched star glows turbulently.
The lance of force hits you!
* * * LOW HITPOINT WARNING * * *
You are knocked back by the lance of force.
You slam into the crystal wall!
You die... # u.# . #.... #.. .# ### uu.

# #..# ....#
#XX# #
.##X###.# .
##@...#
..#..XX*#.#.#
#....#..#. .#
.. #.#. ..#.#
###. ### .#
#. ... .# .#
. .


You could see 5 starcursed masses and a wretched star.

Vanquished Creatures
  2 very ugly things (Abyss:1)
  A soul eater (Abyss:1)
  A starcursed mass (Abyss:1)
  An oklob plant (D:4)
  Grinder (D:4)
  A ynoxinul (Abyss:1)
  The ghost of lonewolfV2 the Shield-Bearer, an amateur FoFi of Gozag (D:4)
  3 steam dragons
  An orc warrior (D:6)
  2 ice beasts
  3 sky beasts
  An ogre (D:5)
  2 centaurs
  3 phantoms
  A kobold brigand (D:6)
  A bullfrog (D:8)
  2 scorpions
  4 wights (D:7)
  2 howler monkeys
  A crimson imp (D:6)
  A quasit (Abyss:1)
  3 jellies
  2 gnoll boudas (D:6)
  5 orc priests
  4 hounds
  A sleepcap (D:6)
  7 iguanas
  5 orc wizards
  4 gnolls (D:4)
  7 adders
  A shadow imp (D:6)
  3 white imps
  An ufetubus (D:5)
  A worm (D:4)
  6 dart slugs
  25 orcs
  5 bats
  4 endoplasms
  2 giant cockroaches (D:1)
  6 goblins
  7 hobgoblins
  4 jackals
  A quokka (D:1)
  5 ball pythons
  8 frilled lizards
  11 kobolds
  6 rats
  A spectral weapon (D:4)
170 creatures vanquished.

Vanquished Creatures (collateral kills)
  A worldbinder (Abyss:1)
1 creature vanquished.

Grand Total: 171 creatures vanquished

Notes
Turn   | Place    | Note
-------+----------+-------------------------------------------
     0 | D:1      | Mune the Minotaur Berserker began the quest for the Orb.
     0 | D:1      | Reached XP level 1. HP: 19/19 MP: 0/0
   123 | D:1      | Reached skill level 4 in Axes
   130 | D:1      | Reached XP level 2. HP: 16/27 MP: 1/1
   132 | D:1      | Found Juakafim's Jewellery Shop.
   622 | D:1      | Reached XP level 3. HP: 33/33 MP: 2/2
   660 | D:1      | Reached ** piety under Trog
  1180 | D:2      | Found Xitoatep's Armour Shoppe.
  1574 | D:3      | Found Xacliqui's Antique Weapon Boutique.
  1620 | D:3      | Reached skill level 5 in Axes
  1757 | D:3      | Found Foduxyumn's Antique Weapon Boutique.
  1887 | D:3      | Reached XP level 4. HP: 25/41 MP: 3/3
  2122 | D:3      | Found Yssiemnu's Jewellery Emporium.
  2321 | D:3      | Found Daedoaxt's Weapon Emporium.
  2412 | D:3      | Found Kezel's Armour Shop.
  2429 | D:3      | Reached skill level 6 in Axes
  2429 | D:3      | Reached XP level 5. HP: 38/47 MP: 4/4
  2436 | D:3      | Reached skill level 5 in Fighting
  2648 | D:4      | Found a glowing golden altar of the Shining One.
  2688 | D:4      | Found Isyamos's Weapon Boutique.
  2797 | D:4      | Found a runed translucent gate.
  2797 | D:4      | Found Moitzina's Jewellery Emporium.
  2797 | D:4      | Found a runed translucent gate.
  2797 | D:4      | Found a runed translucent gate.
  2799 | D:4      | Identified the +8 spear "Liuhaj" {spect, rC+}
  2799 | D:4      | Identified the +1 chain mail of Bahikkoxt {Str+3}
  2800 | D:4      | Noticed lonewolfV2's ghost (amateur FoFi)
  2836 | D:4      | Found a blossoming altar of Fedhas.
  2859 | D:4      | Noticed an oklob plant
  3181 | D:4      | Killed an oklob plant
  3182 | D:4      | Reached skill level 8 in Axes
  3182 | D:4      | Reached XP level 6. HP: 57/58 MP: 5/5
  3182 | D:4      | Reached XP level 7. HP: 63/64 MP: 6/6
  3363 | D:4      | Noticed Grinder
  3378 | D:4      | Killed Grinder
  3379 | D:4      | Reached skill level 9 in Axes
  3512 | D:4      | Found an iron altar of Okawaru.
  3527 | D:4      | Found an opulent altar of Gozag.
  3666 | D:4      | Found a burning altar of Makhleb.
  3948 | D:4      | Found a sacrificial altar of Ru.
  4474 | D:4      | Killed lonewolfV2's ghost
  4475 | D:4      | Reached skill level 10 in Axes
  4475 | D:4      | Reached XP level 8. HP: 20/73 MP: 7/7
  4857 | D:5      | Entered Level 5 of the Dungeon
  5602 | D:5      | Found a broken altar of Ashenzari.
  5680 | D:6      | Reached skill level 11 in Axes
  5773 | D:6      | Reached *** piety under Trog
  6609 | D:6      | Identified the +1 robe of the Evening {rF+ rC+ Int+3 Dex-3}
  6757 | D:6      | Reached XP level 9. HP: 68/83 MP: 8/8
  6766 | D:6      | Reached skill level 12 in Axes
  7119 | D:7      | Found a glowing silver altar of Zin.
  7145 | D:7      | Found a staircase to the Ecumenical Temple.
  7154 | D:7      | Reached skill level 13 in Axes
  7254 | D:7      | Reached **** piety under Trog
  7366 | D:7      | Reached skill level 10 in Fighting
  7393 | D:7      | Found a sparkling altar of Nemelex Xobeh.
  7578 | D:7      | Found a stormy altar of Qazlal.
  8008 | D:8      | Found a snail-covered altar of Cheibriados.
  8092 | D:8      | Reached skill level 14 in Axes
  8447 | D:8      | Found Jorghel's Armour Shoppe.
  8470 | D:8      | Noticed Psyche
  8471 | Abyss:1  | Cast into level 1 of the Abyss (Psyche)
  8496 | Abyss:1  | Noticed a soul eater
  8516 | Abyss:1  | Killed a soul eater
  8517 | Abyss:1  | Reached XP level 10. HP: 94/94 MP: 9/9
  8551 | Abyss:1  | Noticed a worldbinder
  8552 | Abyss:1  | Noticed a deep elf pyromancer
  8554 | Abyss:1  | Found a corrupted altar of Lugonu.
  8558 | Abyss:1  | Noticed a deep elf pyromancer
  8561 | Abyss:1  | Noticed a deep elf knight
  8561 | Abyss:1  | Noticed a deep elf knight
  8561 | Abyss:1  | Noticed a deep elf zephyrmancer
  8564 | Abyss:1  | Noticed a deep elf zephyrmancer
  8567 | Abyss:1  | Killed a worldbinder
  8574 | Abyss:1  | Found a corrupted altar of Lugonu.
  8598 | Abyss:1  | Noticed a starcursed mass
  8608 | Abyss:1  | Noticed a green very ugly thing
  8612 | Abyss:1  | Noticed a green very ugly thing
  8614 | Abyss:1  | Noticed an Executioner
  8614 | Abyss:1  | Noticed a green very ugly thing
  8625 | Abyss:1  | Killed a starcursed mass
  8626 | Abyss:1  | Reached skill level 15 in Axes
  8631 | Abyss:1  | Killed a green very ugly thing
  8632 | Abyss:1  | Noticed a wretched star
  8639 | Abyss:1  | Killed a green very ugly thing
  8640 | Abyss:1  | Reached skill level 16 in Axes
  8644 | Abyss:1  | Paralysed by accursed screaming for 1 turns
  8644 | Abyss:1  | Lost intelligence.
  8646 | Abyss:1  | HP: 1/77 [wretched star/lance of force (9)]
  8646 | Abyss:1  | Collided with a crystal wall

Illustrated notes

Levels and vault maps discovered:
D:1:      doesnt_arrival_eight_statues, layout_loops_ring, serial_shops, shop
D:2:      kennysheep_big_flooded_room, layout_basic, serial_shops, shop
D:3:      minmay_octagon_keep, layout_loops_ring, serial_shops,
          nicolae_shop_bloodbath_and_beyond, nicolae_shop_tiny_waterfront, shop,
          shop, shop
D:4:      layout_loops_corners, tgw_fedhas, nicolae_overflow_quartered_altars,
          lightli_temple_of_fire, serial_shops, shop,
          biasface_ghost_orc_armoury, nicolae_wooded_promenade,
          minmay_strange_pillars, uniq_grinder
D:5:      layout_basic, lemuel_coloured_pillars_altar
D:6:      minmay_bubble_buster, layout_loops_corners, st_stairs_1,
          minmay_fire_ice_demons
D:7:      cheibrodos_steamvent, layout_basic, marbit_many_paths,
          kennysheep_mini, mainiacjoe_overflow_surrounded_room,
          minmay_temple_entry_crystal_x
D:8:      layout_basic, mainiacjoe_overflow_six_doors_small, serial_shops, shop,
          st_stairs_4, ebering_dispersal_statue_hall, uniq_psyche
Abyss:1:  base:
Temple

Skill      XL: |  1  2  3  4  5  6  7  8  9 10 |
---------------+-------------------------------+-----
Axes           | 4 5 6 8 10 11 14 16 | 16.1
Fighting       | 4 6 7 9 10 12 | 12.0
Armour         | |  2.4
Dodging        | |  2.1

Action                     |  1- 3 |  4- 6 |  7- 9 | 10-12 || total
---------------------------+-------+-------+-------+-------++-------
  Melee: Hand axe          |    97 |    48 |   134 |       ||   279
         Headbutt          |    12 |    12 |    39 |    11 ||    74
         War axe           |       |       |   142 |    52 ||   194
         Punch             |       |       |     2 |     1 ||     3
 Invoke: Berserk           |     1 |     1 |     3 |     1 ||     6
         Trog's Hand       |       |       |     2 |     1 ||     3
         Brothers in Arms  |       |       |       |     1 ||     1
    Use: Scroll            |     9 |       |     8 |     2 ||    19
         Potion            |       |       |       |     1 ||     1
 Armour: Animal skin       |     5 |       |       |       ||     5
         Chain mail        |    22 |     9 |   112 |    43 ||   186
         Scale mail        |       |    11 |    23 |       ||    34
  Dodge: Dodged            |    54 |    15 |   100 |    25 ||   194
